 Dungeon Crawl Stone Soup version 0.26.1-11-gd32895ea62 (webtiles) character file.

Game seed: 7917554413840266759

111 Zeld the Cudgeller (level 4, -1/31 HPs)
             Began as an Octopode Warper on May 16, 2021.
             Slain by a gnoll
             ... wielding a +0 flail
              (5 damage)
             ... on level 2 of the Dungeon.
             The game lasted 00:02:20 (1563 turns).

Zeld the Cudgeller (Octopode Warper)                Turns: 1563, Time: 00:02:21

Health: -1/31      AC:  1    Str:  9    XL:     4   Next: 92%
Magic:  8/8        EV: 13    Int: 15    God:
Gold:   50         SH:  0    Dex: 11    Spells: 8/8 levels left

rFire    . . .     SeeInvis .   a - +0 mace
rCold    . . .     Faith    .   (no shield)
rNeg     . . .     Spirit   .   (helmet restricted)
rPois    .         Reflect  .   (no amulet)
rElec    .         Harm     .   (no ring)
rCorr    .         Rampage  .   (no ring)
Will     +....                  (no ring)
Stlth    ++........             (no ring)
HPRegen  0.10/turn              (no ring)
MPRegen  0.11/turn              (no ring)
                                (no ring)
                                (no ring)

@: no status effects
A: almost no armour, stealthy swim, amphibious, 8 rings, constrict 8, camouflage
1, strong-willed 1, sense surroundings 1, robust 1, weak 1, gelatinous body 1
a: no special abilities


You were on level 2 of the Dungeon.
You visited 1 branch of the dungeon, and saw 2 of its levels.

You collected 50 gold pieces.

Inventory:

Hand Weapons
 a - a +0 mace (weapon)
Missiles
 b - 5 boomerangs of dispersal
 i - 7 boomerangs (quivered)
 n - 31 stones
Scrolls
 c - a scroll of blinking
 d - a scroll of fog {unknown}
 e - a scroll of magic mapping {unknown}
 h - 3 scrolls of identify {unknown}
 k - a scroll of enchant armour {unknown}


   Skills:
 - Level 2.0 Fighting
 * Level 3.7 Maces & Flails
 - Level 1.0 Throwing
 - Level 2.3 Dodging
 + Level 2.8 Spellcasting
 + Level 3.7 Translocations


You had 8 spell levels left.
You didn't know any spells.
Your spell library contained the following spells:

 Spells                   Type           Power        Failure   Level
 Blink                    Tloc           N/A          7%          2
 Gell's Gravitas          Tloc           6%           13%         3
 Lesser Beckoning         Tloc           6%           13%         3
 Teleport Other           Tloc           13%          13%         3
 Passage of Golubria      Tloc           N/A          41%         4


Dungeon Overview and Level Annotations

Branches:
Dungeon (2/15)

Altars:


Innate Abilities, Weirdness & Mutations

You cannot wear most types of armour.
You are very stealthy in the water. (Stealth+)
You are amphibious.
You can wear up to eight rings at the same time.
You can use your tentacles to constrict eight enemies at once.
Your skin changes colour to match your surroundings (Stealth+).
Your rubbery body absorbs attacks. (AC +1, EV +1)
You are strong-willed. (Will+)
You passively map a small area around you.
You are robust. (+10% HP)
You are weak. (Str -2)


Message History

The giant cockroach closely misses you.
You hit the giant cockroach.
You kill the giant cockroach!
You see here a stone.
You see here a +0 club.
Items here: )) ††.
A rat comes into view.
The rat moves out of view.
You see here a runed chain mail.
The rat bites you.
* * * LOW HITPOINT WARNING * * *
You closely miss the rat. You grab the rat. You constrict the rat.
The gnoll hits you with a +0 flail.
* * * LOW HITPOINT WARNING * * *
The rat bites you.
* * * LOW HITPOINT WARNING * * *
You hit the rat.
You kill the rat!
The gnoll hits you with a +0 flail.
You die...

#.# #.# , #.# #.#
#.# #.# , #.#
##.## #.#
##...########
#.####..#..#......
#......###...# * ,
######..#..######
##.[..g@†..# , ,
#########.# , , *
#* #.# ...####.# *
, ........### * *
##........######.#
#####..#..)<....#
#..########## ,
#..#


You could see a gnoll.

Vanquished Creatures
  A howler monkey (D:2)
  3 gnolls (D:2)
  An adder (D:2)
  A dart slug (D:1)
  4 giant cockroaches
  5 goblins
  5 hobgoblins (D:1)
  2 kobolds
  2 bats (D:1)
  6 frilled lizards
  5 rats
35 creatures vanquished.

Notes
Turn   | Place    | Note
-------+----------+-------------------------------------------
     0 | D:1      | Zeld the Octopode Warper began the quest for the Orb.
     0 | D:1      | Reached XP level 1. HP: 14/14 MP: 3/3
   209 | D:1      | Reached XP level 2. HP: 15/19 MP: 5/5
   912 | D:1      | Reached XP level 3. HP: 24/24 MP: 6/6
  1083 | D:2      | Reached XP level 4. HP: 10/29 MP: 7/7
  1495 | D:2      | Gained mutation: You are weak. (Str -2) [potion of
                  | mutation]
  1495 | D:2      | Gained mutation: You are strong-willed. (Will+) [potion of
                  | mutation]
  1495 | D:2      | Gained mutation: You passively map a small area around you.
                  | [potion of mutation]
  1495 | D:2      | Gained mutation: You are robust. (+10% HP) [potion of
                  | mutation]
  1563 | D:2      | Slain by a gnoll

Illustrated notes

Levels and vault maps discovered:
D:1:      wander_arrival_fairy_ring, layout_loops_ring, kennysheep_minor_cross
D:2:      layout_loops_ring

Skill      XL: |  1  2  3 |
---------------+----------+-----
Maces & Flails | 3 |  3.7
Fighting       | |  2.0
Throwing       | |  1.0
Dodging        | |  2.3
Spellcasting   | |  2.8
Translocations | |  3.7

Action                   |  1- 3 |  4- 6 || total
-------------------------+-------+-------++-------
Melee: Mace              |    43 |    42 ||    85
       Constrict         |     9 |    11 ||    20
       Tentacles         |     5 |     3 ||     8
Throw: Stone             |     6 |     2 ||     8
  Use: Potion            |       |     5 ||     5
 Stab: Sleeping          |     5 |     1 ||     6
       Invisible         |       |     2 ||     2
Armor: Skin              |     2 |     1 ||     3
Dodge: Dodged            |    22 |    29 ||    51
